 Dungeon Crawl Stone Soup version 0.30.1-9-gdf580d7c3d (webtiles) character file.

Game seed: 4895367199435024290

53 7w4c the Caller (level 3, -9/24 HPs)
             Began as a Merfolk Summoner on Oct 19, 2023.
             Killed by divine providence
             ... invoked by an orc priest
              (11 damage)
             ... on level 3 of the Dungeon.
             The game lasted 00:06:06 (2289 turns).

7w4c the Caller (Merfolk Summoner)                  Turns: 2289, Time: 00:06:06

Health: -9/24      AC:  3    Str:  8    XL:     3   Next: 89%
Magic:  1/6        EV: 12    Int: 16    God:
Gold:   146        SH:  3    Dex: 14    Spells: 0/6 levels left

rFire   . . .        c - +0 short sword
rCold   . . .        v - +0 buckler
rNeg    . . .        a - +0 robe
rPois   .            q - +0 helmet
rElec   .            (no cloak)
rCorr   .            (no gloves)
SInv    .            (no boots)
Will    .....        (no amulet)
Stlth   ++           (no ring)
HPRegen 0.24/turn    (no ring)
MPRegen 0.10/turn

%: no passive effects
@: about to teleport
A: (nimble swimmer 2), mertail
a: no special abilities


You were on level 3 of the Dungeon.
You visited 1 branch of the dungeon, and saw 3 of its levels.

You collected 146 gold pieces.

Inventory:

Hand Weapons
 c - a +0 short sword (weapon)
Armour
 a - a +0 robe (worn)
 q - a +0 helmet (worn)
 v - a +0 buckler (worn)
Scrolls
 d - a scroll of amnesia {unknown}
 f - a scroll of magic mapping {unknown}
 g - a scroll of teleportation
 i - a scroll of vulnerability {unknown}
 j - a scroll of noise {unknown}
 m - a scroll of identify {unknown}
 o - a scroll of fog {unknown}
 s - a scroll of fear {unknown}
 u - a scroll of brand weapon {unknown}
Potions
 b - 2 potions of magic
 e - 2 potions of heal wounds {unknown}
 h - a potion of lignification {unknown}
 k - a potion of haste {unknown}
 l - a potion of cancellation {unknown}
 n - 4 potions of curing {unknown}
 p - a potion of degeneration {unknown}
 r - a potion of resistance {unknown}
 t - a potion of ambrosia {unknown}


   Skills:
 + Level 2.7 Dodging
 + Level 3.0 Stealth
 + Level 2.4 Spellcasting
 + Level 4.8 Summonings


You couldn't memorise any spells.
You knew the following spells:

 Your Spells              Type           Power      Damage    Failure   Level
a - Summon Small Mammal   Summ           68%        N/A       4%          1
b - Call Imp              Summ           34%        N/A       7%          2
c - Call Canine Familiar  Summ           17%        N/A       14%         3

Your spell library contained the following spells:

 Spells                   Type           Power      Damage    Failure   Level
 Summon Guardian Golem    Hex/Summ       9%         N/A       34%         3
 Summon Lightning Spire   Summ/Air       9%         N/A       75%         4


Dungeon Overview and Level Annotations

Branches:
Dungeon (3/15)

Altars:
Okawaru
Trog
The Shining One


Innate Abilities, Weirdness & Mutations

((You are very nimble when in or above water. (Stealth+, EV+, Speed+++)))
Your lower body shifts to a powerful aquatic tail in water.


Message History

There is a stone staircase leading up here.
Casting: Call Canine Familiar (quite dangerous; 14% risk of failure)
Confirm with . or Enter, or press ? or * to list all spells.
You don't have enough magic to cast this spell.
Casting: Call Canine Familiar (quite dangerous; 14% risk of failure)
Confirm with . or Enter, or press ? or * to list all spells.
You don't have enough magic to cast this spell.
Casting: Call Canine Familiar (quite dangerous; 14% risk of failure)
Confirm with . or Enter, or press ? or * to list all spells.
Your quokka bites the orc.
You hit the orc.
The orc is almost dead.
Your quokka barely misses the orc priest.
Something hits your quokka.
The orc priest looks braver for a moment.
The orc hits you with a +0 falchion.
You hit the orc.
You kill the orc!
Your quokka closely misses the orc priest.
Something barely misses your quokka.
The orc priest closely misses your quokka.
Your quokka bites the orc priest but does no damage.
The orc priest calls down the wrath of Beogh upon you.
Beogh smites you!
Ouch! That really hurt!
* * * LOW HITPOINT WARNING * * *
Your quokka bites the orc priest.
You see here a +0 falchion.
Something closely misses your quokka.
The orc priest invokes the aid of Beogh against your quokka.
Your quokka is smitten.
Your quokka dies!
Your quokka's corpse disappears in a puff of smoke!
There is a stone staircase leading up here.
The orc priest miscasts a cantrip.
As you read the scroll of teleportation, it crumbles to dust.
You feel strangely unstable.
The orc priest mumbles some strange prayers to Beogh against you.
Beogh smites you!
You die...

..###.## .## ##.######## .#
#........# .## ##.######[#
## #.###.## #.# oo ##....#
#.# o# #####.# ##.## .# #
##.######...######.# #
#.........#..@.o)#.######
####..######...####.o.......
........#####.## ###.######
#.....#.......# .#
##.#.########.# .# #....#
####.# .# .##### #....# .#
.# #.##.# .# .# #.##... ..


You could see an orc priest and an orc.

Vanquished Creatures
  An orc (D:3)
  3 endoplasms
  2 giant cockroaches
  2 goblins (D:3)
  A ball python (D:1)
  A frilled lizard (D:2)
  A rat (D:3)
11 creatures vanquished.

Vanquished Creatures (collateral kills)
  An adder (D:2)
  A worm (D:2)
  4 endoplasms
  2 giant cockroaches (D:1)
  3 goblins
  2 hobgoblins (D:1)
  3 kobolds
  3 quokkas (D:1)
  3 ball pythons
  A frilled lizard (D:1)
  2 rats
25 creatures vanquished.

Grand Total: 36 creatures vanquished

Notes
Turn   | Place    | Note
-------+----------+-------------------------------------------
     0 | D:1      | 7w4c the Merfolk Summoner began the quest for the Orb.
     0 | D:1      | Reached XP level 1. HP: 13/13 MP: 3/3
     1 | D:1      | Found a glowing golden altar of the Shining One.
   326 | D:1      | Reached XP level 2. HP: 8/19 MP: 5/5
   439 | D:1      | Learned a level 2 spell: Call Imp
  1176 | D:2      | Reached XP level 3. HP: 24/24 MP: 3/6
  1523 | D:2      | Found a bloodstained altar of Trog.
  2188 | D:3      | Found an iron altar of Okawaru.
  2270 | D:3      | Learned a level 3 spell: Call Canine Familiar
  2285 | D:3      | HP: 1/24 [orc priest/divine providence (12)]
  2289 | D:3      | Killed from afar by an orc priest

Illustrated notes

Levels and vault maps discovered:
D:1:      sevenhm_arrival_forest_fort_small_6, layout_basic,
          nicolae_concentric_dashed_squares_wild
D:2:      layout_basic, basic_altar, serial_bayou, serial_bayou_crossing,
          serial_bayou_shore_b, serial_bayou_lagoon_b, serial_bayou_pond_b
D:3:      layout_loops_ring, kennysheep_okawaru_gauntlet,
          chequers_serial_rivers_room_a

Skill      XL: |  1  2  3 |
---------------+----------+-----
Stealth        | 3 |  3.0
Dodging        | |  2.7
Spellcasting   | |  2.4
Summonings     | |  4.8

Action                     || total
---------------------------++-------
  Melee: Short sword       ||    31
         Punch             ||     1
   Cast: Summon Small Mamm ||    26
         Call Imp          ||     9
         Call Canine Famil ||     1
    Use: Scroll            ||     2
   Stab: Sleeping          ||     1
 Armour: Robe              ||     9
  Dodge: Dodged            ||    43
  Block: Buckler           ||     2
